 BcadrenCrawl: Boulder Brew version 0.03.3.1-19-g2523139174 (webtiles) character file.

Game seed: 7253250725196812861, levelgen mode: deterministic

71 Chiseanne the Ducker (level 4, 0/30 HPs) Goblin Demonspawn. Began on Mar 15, 2021. Slain by a big kobold ... wielding a +0 dagger (6 damage) ... on level 1 of the Dungeon. The game lasted 00:03:24 (744 turns).

Chiseanne the Ducker (Goblin Demonspawn)             Turns: 744, Time: 00:03:25

Health: 0/30       AC:  5    Str:  8    XL:     4 ^: 37
Magic:  5/5        EV: 10    Int:  6    God:
Gold:   120        SH:  4    Dex:  6    Spells: 4/5 levels left

rFire    . . .     Vision   .   a - +0 rapier
rCold    . . .     Gourm    .   c - +0 targe
rNeg     . . .     Faith    .   g - +0 ring mail
rPois    .         Spirit   .   (no helmet)
rElec    .         Reflect  .   (no cloak)
rCorr    .         Harm     .   (no gloves)
MR       +....                  (no boots)
Stlth    +.........             (no amulet)
HPRegen  0.20/turn              h - ring of protection from magic
MPRegen  0.15/turn              (no ring)

@: no status effects
A: small, stagnant stats, goblin's greed, talons 1, low mp 1, mutation
resistance 1, powered by death 1, god's pity 2
a: no special abilities


You were on level 1 of the Dungeon.
You were not hungry.

You visited 1 branch of the dungeon, and saw 2 of its levels.

You collected 98 gold pieces.

Inventory:

Weapons
 a - a +0 rapier (weapon) Shields
 c - a +0 targe (weapon)
Armour
 g - a +0 ring mail (worn)
Jewellery
 h - a ring of protection from magic (left hand)
Scrolls
 b - a scroll of fog
 e - 2 scrolls of teleportation
Potions
 f - 2 potions of heal wounds
 i - a potion of mutation
Comestibles
 d - 2 rations


   Skills:
 * Level 2.5 Fighting
 * Level 3.4 Short Blades
 * Level 1.4 Armour
 * Level 4.5 Dodging
 - Level 2.6 Stealth
 * Level 1.8 Shields
 - Level 1.3 Spellcasting
 - Level 2.6 Fire Magic
   Level 4.0 Invocations


You had 4 spell levels left.
You knew the following spells:

 Your Spells              Type           Power        Failure   Level  Hunger
a - Flame Tongue          Fire           3 (30)       91%         1    ##.....

Your spell library contained the following spells:

 Spells                   Type           Power        Failure   Level  Hunger
 Conjure Flame            Fire           3 (100)      99%         3    ####...
 Blink                    Tloc           N/A          100%        2    ###....
 Call Imp                 Summ           0 (100)      100%        2    ###....
 Slow                     Hex            0 (100)      100%        2    ###....
 Mephitic Cloud           Pois/Air       0 (100)      100%        3    ####...


Dungeon Overview and Level Annotations

Branches:
Dungeon (2/8)

Altars:


Innate Abilities, Weirdness & Mutations

Your stats never grow through leveling.
Your goblin ancestry allows you to find more gold. (+20%)
You are small and have problems with some larger weapons.
You have sharp toenails.
Your magical capacity is low. (-10% MP)
You are somewhat resistant to further mutation.
You regenerate a little health from kills.
The pity of the gods increases the power of your passive and invoked divine abilities.


Message History

You block the big kobold's attack.
You closely miss the big kobold. You hit the big kobold (5).
The big kobold hits you with a +0 dagger (1).
The big kobold hits you with a +0 dagger (8)!
* * * LOW HITPOINT WARNING * * *
You block the big kobold's attack.
As you read the scroll of summoning, it crumbles to dust.
Wisps of shadow whirl around you...
The big kobold hits you with a +0 dagger (4).
* * * LOW HITPOINT WARNING * * *
You swap places.
Your bat barely misses the big kobold (0).
You see here a sewer rat corpse.
Your bat barely misses the big kobold (0).
Your hobgoblin barely misses the big kobold (0).
You hit the big kobold (6). You hit the big kobold (3).
Your kick misses the big kobold. Your bat hits the big kobold (1).
Your bat misses the big kobold (0).
The big kobold hits you with a +0 dagger (6).
You die...

#....##...#.....#####.
##...............##...
#..##.......##.≈≈.#...
##....#......##≈>.#...
#?....#.......#≈≈≈....
##................##...
#...##≈≈≈≈≈##.######...
#...##≈≈≈≈≈##..##......
###.≈≈@≈...≈≈..#.....#.
#.≈≈.Kb).≈≈..#....###
#.≈≈≈†g..≈.÷......###
#≈≈≈.g...≈≈........#.
#.≈≈.....≈≈.....)..÷.
#.##≈≈≈≈≈##.........#
#.##≈≈≈≈≈##.........#
#....................
########............#


You could see a big kobold, 2 friendly hobgoblins and a friendly bat.

Vanquished Creatures
  A giant cockroach (D:1)
  A sewer rat (D:1)
  2 cinder newts (D:1)
  2 worms (D:1)
  A dart slug (D:1)
  2 leopard geckos (D:1)
  6 bats (D:1)
  2 goblins (D:1)
  3 kobolds (D:1)
  A rat (D:1)
  A withered plant (D:2)
22 creatures vanquished.

Vanquished Creatures (others)
  2 withered plants (D:2)
2 creatures vanquished.

Grand Total: 24 creatures vanquished

Notes
Turn   | Place    | Note
-------+----------+-------------------------------------------
     0 | D:1      | Chiseanne the Goblin Demonspawn began the quest for the
                  | Orb.
     0 | D:1      | Reached XP level 1. HP: 13/13 MP: 2/2
   110 | D:1      | Gained mutation: You regenerate a little health from kills.
                  | [demonic ancestry]
   110 | D:1      | Reached XP level 2. HP: 19/19 MP: 3/3
   143 | D:1      | Reached skill level 1 in Shields
   244 | D:1      | Reached XP level 3. HP: 24/24 MP: 4/4
   397 | D:1      | Reached skill level 1 in Armour
   425 | D:1      | Gained mutation: You have sharp toenails. [demonic
                  | ancestry]
   425 | D:1      | Reached XP level 4. HP: 18/30 MP: 5/5
   728 | D:2      | Noticed a big kobold
   744 | D:1      | Slain by a big kobold

Levels and vault maps discovered:
D:1:      enne_arrival_octagon_isle, layout_cave_pools, minmay_crystal_room,
          minmay_octomino_c4, cheibrodos_sewer_entry_sluice
D:2:      cheibrodos_fertilizer, layout_sewer, overflow_temple_1_default,
          zin_academy

Skill      XL: |  1  2  3 |
---------------+----------+-----
Short Blades   | 3 |  3.4
Shields        | 1 |  1.8
Fighting       | 2 |  2.5
Armour         | 1 |  1.4
Dodging        | |  4.5
Stealth        | |  2.6
Spellcasting   | |  1.3
Fire Magic     | |  2.6
Invocations    | |  4.0

Action                   |  1- 3 |  4- 6 || total
-------------------------+-------+-------++-------
Melee: Rapier            |    44 |    17 ||    61
       Targe             |    34 |    15 ||    49
       Kick              |       |     1 ||     1
  Use: Scroll            |       |     1 ||     1
Armor: Leather armour    |     2 |       ||     2
       Ring mail         |    23 |     5 ||    28
Dodge: Dodged            |    43 |     8 ||    51
Block: Targe             |    11 |     8 ||    19
